 Dungeon Crawl Stone Soup version 0.30-a0-1016-gfb0d676c02 (webtiles) character file.

Game seed: 4743786765958777925

2795 xian the Chopper (level 9, -1/68 HPs)
             Began as a Demonspawn Fighter on Apr 7, 2023.
             Was an Elder of Okawaru.
             Slain by a two-headed ogre
             ... wielding a +0 giant club
              (9 damage)
             ... on level 8 of the Dungeon.
             The game lasted 00:19:57 (7156 turns).

xian the Chopper (Demonspawn Fighter)               Turns: 7156, Time: 00:19:58

Health: -1/68      AC: 22    Str: 20    XL:     9   Next: 43%
Magic:  9/9        EV:  8    Int:  9    God:    Okawaru [****..]
Gold:   535        SH:  5    Dex: 14    Spells: 8/8 levels left

rFire   . . .      SeeInvis .    b - +2 hand axe (distort)
rCold   + . .      Faith    .    c - +0 buckler
rNeg    . . .      Spirit   .    C - +0 chain mail
rPois   .          Reflect  .    p - +1 hat
rElec   .          Rampage  .    n - +2 cloak
rCorr   .                        (no gloves)
Will    +....                    (no boots) Stlth
                                 (no amulet)
HPRegen 0.31/turn                y - +4 ring of protection
MPRegen 0.11/turn                i - ring of willpower

@: mighty
A: horns 2, icy blue scales 3, powered by pain 2
a: Renounce Religion, Heroism, Finesse


You were on level 8 of the Dungeon.
You worshipped Okawaru.
Okawaru was greatly pleased with you.
You visited 1 branch of the dungeon, and saw 8 of its levels.
You also visited: Ossuary.

You collected 661 gold pieces.
You spent 126 gold pieces at shops.

Inventory:

Hand Weapons
 b - a +2 hand axe of distortion (weapon)
 E - a +6 dagger of venom
 F - a +3 war axe of freezing
Missiles
 o - 8 atropa-tipped darts
 u - 8 poisoned darts (quivered)
Armour
 c - a +0 buckler (worn)
 n - a +2 cloak (worn)
 p - a +1 hat (worn)
 C - a +0 chain mail (worn)
Magical Staves
 j - a staff of death
Jewellery
 e - a ring of fire
 i - a ring of willpower (right hand)
 y - a +4 ring of protection (left hand)
 H - a ring of ice
 I - an amulet of the acrobat
Wands
 G - a wand of polymorph (3)
Scrolls
 h - 3 scrolls of teleportation
 k - 2 scrolls of immolation
 q - 2 scrolls of poison
 r - 2 scrolls of fog
 s - 2 scrolls of enchant weapon
 t - a scroll of fear
 w - 2 scrolls of blinking
 x - a scroll of amnesia
 D - a scroll of torment
Potions
 a - a potion of resistance {unknown}
 d - a potion of might
 f - a potion of ambrosia {unknown}
 g - 2 potions of attraction {unknown}
 l - a potion of cancellation {unknown}
 m - a potion of flight
 v - 2 potions of lignification {unknown}
 z - 4 potions of curing
 A - 2 potions of heal wounds
 B - a potion of berserk rage


   Skills:
 + Level 5.3 Fighting
 + Level 7.4 Axes
 + Level 2.0 Throwing
 + Level 7.3 Armour
 + Level 2.3 Dodging
 + Level 1.2 Stealth
 + Level 4.5 Shields


You had 8 spell levels left.
You didn't know any spells.
Your spell library was empty.

Dungeon Overview and Level Annotations

Branches:
Dungeon (8/15)             Temple (0/1) D:4         Ossuary (visited)
   Lair: D:8-11

Altars:
Fedhas
Hepliaklqana
Okawaru
Qazlal
Ru
Xom

Shops:
D:1 ?[(   D:5 !   D:6 !?*[*

Annotations:
D:7 1 runed translucent door, DeathPants's ghost, novice DsNe


Innate Abilities, Weirdness & Mutations

You have a pair of horns on your head.
You are completely covered in icy blue scales. (AC +4, rC+)
You sometimes gain power by taking damage.


Message History

The centaur unwields a +0 shortbow.
You block the centaur's attack.
The centaur kicks you but does no damage.
You slash the centaur!
Space warps around the centaur.
You headbutt the centaur!
The centaur is almost dead.
The centaur hits you but does no damage.
The centaur closely misses you.
The centaur hits you but does no damage.
The centaur kicks you but does no damage.
You slash the centaur!
You kill the centaur!
Okawaru accepts your kill.
I - an amulet of the acrobat
Things that are here:
a +0 shortbow; a centaur corpse
u - 10 poisoned darts (gained 2)
Found 17 gold pieces and a book of Callings.
Found 17 gold pieces.
Found 17 gold pieces.
A two-headed ogre comes into view.
It is wielding a +0 giant club and a +0 dire flail of protection.
Found a stone staircase leading up.
The two-headed ogre shouts in stereo!
Unknown command.
You are too injured to fight recklessly!
Throw: 10 darts (poison)
Press: ? - help, Q - select action, (/) - cycle Shift-Dir - straight line, f - two-headed ogre
Aim: a two-headed ogre, wielding a +0 giant club and a +0 dire flail of protection (76% to hit)
You throw a poisoned dart.
The poisoned dart hits the two-headed ogre.
The two-headed ogre is poisoned.
Throw: 9 darts (poison)
Press: ? - help, Q - select action, (/) - cycle Shift-Dir - straight line, f/p - two-headed ogre
Aim: a two-headed ogre, wielding a +0 giant club and a +0 dire flail of protection (poisoned, 76% to hit)
You throw a poisoned dart.
The poisoned dart hits the two-headed ogre.
The two-headed ogre looks even sicker.
The two-headed ogre hits you with a +0 giant club!!
* * * LOW HITPOINT WARNING * * *
The two-headed ogre hits you with a +0 dire flail of protection!
You die...

...............
............<..
..............$
...............
......(........
.......(.......
.......O.......
.......@.......
...............
......$........
........$.....:
...................
...................
...................
...................
........................


You could see a two-headed ogre (very poisoned).

Vanquished Creatures
  Sigmund (D:2)
  Edmund (D:6)
  2 water moccasins
  A black bear (D:6)
  An orc warrior (D:7)
  A sky beast (D:6)
  3 ogres
  2 centaurs
  A kobold brigand (D:7)
  3 bullfrogs (D:6)
  5 wights (D:7)
  6 killer bees (D:8)
  2 howler monkeys (D:8)
  2 jellies (D:6)
  A hound (D:4)
  Jessica (D:2)
  2 iguanas
  Natasha (thrice) (D:3)
  2 orc wizards
  2 mummies (Ossuary)
  7 gnolls
  8 adders
  A shadow imp (D:7)
  An ufetubus (D:6)
  4 worms
  3 dart slugs
  13 orcs
  6 ball pythons
  8 endoplasms
  7 giant cockroaches
  5 goblins
  10 hobgoblins
  4 jackals (D:2)
  12 kobolds
  5 quokkas
  4 bats
  3 frilled lizards
  3 gnoll zombies (Ossuary)
  2 goblin zombies (Ossuary)
  4 hobgoblin zombies (Ossuary)
  5 orc zombies (Ossuary)
  8 rats
165 creatures vanquished.

Vanquished Creatures (others)
  An orc wizard (D:6)
  2 orcs (D:6)
3 creatures vanquished.

Grand Total: 168 creatures vanquished

Notes
Turn   | Place    | Note
-------+----------+-------------------------------------------
     0 | D:1      | xian the Demonspawn Fighter began the quest for the Orb.
     0 | D:1      | Reached XP level 1. HP: 18/18 MP: 1/1
    24 | D:1      | Found Unaer's Weapon Shoppe.
   161 | D:1      | Gained mutation: You are partially covered in icy blue
                  | scales. (AC +2) [demonic ancestry]
   161 | D:1      | Reached XP level 2. HP: 24/24 MP: 2/2
   434 | D:1      | Found Rahes's Armour Boutique.
   616 | D:1      | Found Cuokh's Magic Scroll Boutique.
   723 | D:2      | Gained mutation: You sometimes gain a little power by
                  | taking damage. [demonic ancestry]
   723 | D:2      | Reached XP level 3. HP: 29/29 MP: 3/3
   909 | D:2      | Noticed Jessica
   919 | D:2      | Killed Jessica
   920 | D:2      | Gained mutation: You sometimes gain power by taking damage.
                  | [demonic ancestry]
   920 | D:2      | Reached XP level 4. HP: 14/35 MP: 4/4
  1132 | D:2      | Noticed Sigmund
  1152 | D:2      | Killed Sigmund
  1153 | D:2      | Reached skill level 1 in Dodging
  1153 | D:2      | Gained mutation: You are mostly covered in icy blue scales.
                  | (AC +3) [demonic ancestry]
  1153 | D:2      | Reached XP level 5. HP: 22/42 MP: 5/5
  1586 | D:3      | Gained mutation: You have a pair of small horns on your
                  | head. [demonic ancestry]
  1586 | D:3      | Reached XP level 6. HP: 38/48 MP: 6/6
  1625 | D:3      | Found a faded altar of an unknown god.
  1629 | D:3      | Prayed at the altar of an unknown god.
  1629 | D:3      | Became a worshipper of Warmaster Okawaru
  1629 | D:3      | Reached * piety under Okawaru
  1763 | D:3      | Noticed Natasha
  1781 | D:3      | Killed Natasha
  1823 | D:3      | Noticed Natasha
  1831 | D:3      | Killed Natasha
  2249 | D:3      | Noticed Natasha
  2257 | D:3      | Killed Natasha
  2699 | D:4      | Found a staircase to the Ecumenical Temple.
  3295 | D:5      | Entered Level 5 of the Dungeon
  3309 | D:5      | Found Hifueq's Distillery.
  3318 | D:5      | Bought a potion of degeneration for 14 gold pieces
  3319 | D:5      | Bought a potion of heal wounds for 70 gold pieces
  3319 | D:5      | Bought a potion of curing for 42 gold pieces
  3330 | D:5      | Reached skill level 1 in Throwing
  3330 | D:5      | Reached XP level 7. HP: 41/54 MP: 7/7
  3557 | D:5      | Reached skill level 5 in Axes
  4029 | D:6      | Noticed Edmund
  4059 | D:6      | Killed Edmund
  4059 | D:6      | Reached ** piety under Okawaru
  4298 | D:6      | Found a sand-covered staircase.
  4303 | Ossuary  | Entered an ossuary
  4555 | D:6      | Gained mutation: You have a pair of horns on your head.
                  | [demonic ancestry]
  4555 | D:6      | Reached XP level 8. HP: 9/61 MP: 8/8
  4559 | D:6      | Found Rauruel's Assorted Antiques.
  4559 | D:6      | Found Gotanti's Antique Armour Shoppe.
  4560 | D:6      | Reached skill level 5 in Armour
  4859 | D:6      | Found Zielu's Magic Scroll Emporium.
  4891 | D:6      | Found a hazy altar of Hepliaklqana.
  4893 | D:6      | Found a sacrificial altar of Ru.
  4953 | D:6      | Found Faipenosh's General Store.
  4972 | D:6      | Found Ganum's Distillery.
  5243 | D:6      | Reached *** piety under Okawaru
  5576 | D:7      | Reached skill level 1 in Stealth
  6124 | D:7      | Identified the +3 flail "Jirghojets" {holy, rN+ rCorr}
  6284 | D:7      | Gained mutation: You are completely covered in icy blue
                  | scales. (AC +4, rC+) [demonic ancestry]
  6284 | D:7      | Reached XP level 9. HP: 38/67 MP: 9/9
  6600 | D:7      | Noticed DeathPants's ghost (novice DsNe)
  6602 | D:7      | Found a runed translucent door.
  6602 | D:7      | Noticed a cyclops
  6950 | D:8      | Reached skill level 5 in Fighting
  6952 | D:8      | Reached **** piety under Okawaru
  7023 | D:8      | Found a shimmering altar of Xom.
  7032 | D:8      | Found a stormy altar of Qazlal.
  7070 | D:8      | Found a blossoming altar of Fedhas.
  7116 | D:8      | Paralysed by a hornet for 3 turns
  7151 | D:8      | Noticed a two-headed ogre
  7156 | D:8      | Slain by a two-headed ogre

Illustrated notes

Levels and vault maps discovered:
D:1:      mainiacjoe_arrival_reflecting_pool, layout_loops_ring, serial_shops,
          shop, shop, shop
D:2:      layout_basic, minmay_pentomino_z2, uniq_sigmund, uniq_jessica
D:3:      layout_loops_ring, ebering_ecumenical_altar_mist,
          hangedman_decor_push, uniq_natasha
D:4:      layout_basic, minmay_temple_entry_statues_pillars,
          chequers_serial_rivers_small_b
D:5:      layout_gridville, serial_shops, shop
D:6:      layout_rooms, gammafunk_temple_overflow_pools, enter_ossuary_2,
          serial_shops, kennysheep_little_box, nicolae_shop_hallway_plus,
          nicolae_square_shop, nicolae_shop_stone, nicolae_stop_n_shop_2,
          lemuel_flame_loot_1, uniq_edmund
D:7:      layout_basic, ebering_ghost_inner_flame
D:8:      layout_layer_cave, grunt_temple_overflow_open

Skill      XL: |  1  2  3  4  5  6  7  8  9 |
---------------+----------------------------+-----
Axes           | 2 3 4 5 7 |  7.4
Shields        | 3 4 |  4.5
Armour         | 3 4 6 7 |  7.3
Dodging        | 1 2 |  2.3
Fighting       | 4 5 |  5.3
Throwing       | 1 2 |  2.0
Stealth        | 1 |  1.2

Action                     |  1- 3 |  4- 6 |  7- 9 || total
---------------------------+-------+-------+-------++-------
  Melee: War axe           |   107 |    71 |       ||   178
         Hand axe          |       |    93 |   195 ||   288
         Headbutt          |       |    13 |    37 ||    50
  Throw: Dart              |       |    12 |    16 ||    28
    Use: Scroll            |       |     6 |     9 ||    15
         Potion            |       |       |     4 ||     4
 Armour: Scale mail        |    79 |    60 |    65 ||   204
         Chain mail        |       |       |    80 ||    80
         Skin              |       |       |     1 ||     1
  Dodge: Dodged            |    46 |    57 |   106 ||   209
  Block: Buckler           |    34 |    29 |    57 ||   120

Table legend: (Time is in decaauts)
 A = Elapsed time spent in this place.
 B = Non-inter-level travel time spent in this place.
 C = Inter-level travel time spent in this place.
 D = Time resting spent in this place.
 E = Time spent auto-exploring this place.
 F = Levels seen in this place.
 G = Mean time per level.
                   A        B        C        D        E       F      G
               +--------+--------+--------+--------+--------+-----+--------+
         Total |   7328 |   7180 |    148 |      0 |   5014 |   9 |  814.2 |
       Dungeon |   7065 |   6917 |    148 |      0 |   4893 |   8 |  883.1 |
       Ossuary |    262 |    262 |      0 |      0 |    121 |   1 |  262.0 |
               +--------+--------+--------+--------+--------+-----+--------+

Top non-repeatable levels by time:
     D:6: 1333 daAuts
     D:7: 1314 daAuts
     D:3: 943 daAuts
     D:4: 938 daAuts
     D:2: 806 daAuts
     D:5: 725 daAuts
     D:1: 717 daAuts
     D:8: 287 daAuts
 Ossuary: 262 daAuts
